 Dungeon Crawl Stone Soup version 0.30-a0-824-g6c64550be9 (webtiles) character file.

Game seed: 10741481156315785147

16 Esekla the Sneak (level 2, 0/31 HPs)
             Began as an Octopode Delver on Feb 28, 2023.
             Slain by a scorpion (2 damage)
             ... on level 5 of the Dungeon.
             The game lasted 00:02:32 (153 turns).

Esekla the Sneak (Octopode Delver)                   Turns: 153, Time: 00:02:33

Health: 0/31       AC: 21    Str: 11    XL:     2   Next: 54%
Magic:  2/2        EV:  2    Int: 12    God:
Gold:   13         SH:  0    Dex: 13    Spells: 1/1 levels left

rFire   . . .      SeeInvis .    a - +0 falchion
rCold   . . .      Faith    .    (no shield)
rNeg    . . .      Spirit   .    (helmet currently unavailable)
rPois   +          Reflect  .    (no amulet)
rElec   .          Harm     .    (no ring)
rCorr   .          Rampage  .    (no ring)
Will    .....      NoTele   +    (no ring)
Stlth   +++                      (no ring)
HPRegen 0.25/turn                (no ring)
MPRegen 0.08/turn                (no ring)
                                 (no ring)
                                 (no ring)

@: lethally poisoned (0 -> -3), tree-form
A: stationary, stasis, torment immunity, boosted hp, almost no armour,
(amphibious), 8 rings, (camouflage 1), (gelatinous body 1), (nimble swimmer 1),
(tentacles)
a: no special abilities


You were on level 5 of the Dungeon.
You were a tree.
You visited 1 branch of the dungeon, and saw 1 of its levels.

You collected 13 gold pieces.

Inventory:

Hand Weapons
 a - a +0 falchion (weapon)
Scrolls
 b - a scroll of fog
 g - 3 scrolls of identify {unknown}


   Skills:
 * Level 3.1 Fighting
 * Level 2.1 Long Blades
 * Level 2.1 Dodging
 + Level 7.0 Stealth
 * Level 0.3 Spellcasting


You had one spell level left.
You didn't know any spells.
Your spell library was empty.

Dungeon Overview and Level Annotations

Branches:
Dungeon (5/15)
 Temple: D:4-7

Altars:
Elyvilon
Okawaru
Uskayaw
Zin


Innate Abilities, Weirdness & Mutations

You are a tree.
Your roots penetrate the ground, keeping you stationary.
You cannot be teleported.
You are immune to unholy pain and torment.
Your maximum health is greatly increased.
You cannot wear most types of armour.
((You are amphibious.))
You can wear up to eight rings at the same time.
((Your skin changes colour to match your surroundings (Stealth+).))
((Your rubbery body absorbs attacks. (AC +1, EV +1)))
((You are camouflaged when in or above water. (Stealth+)))
((You have tentacles for arms and can constrict up to eight enemies at once.))


Message History

There are no items here.
Aiming: Dig
Press: ? - help, Shift-Dir - straight line A rock wall.
The rock shatters into small pieces.
The now-empty wand crumbles to dust.
Your extra speed is starting to run out.
Found a fizzy pink potion.
You feel yourself slow down.
The hound stops to sniff the ground.
You hit the hound but do no damage. Your grab misses the hound.
You squeeze the hound.
The hound is moderately wounded.
The hound barely misses you.
You hit the hound. You grab the hound.
The hound is heavily wounded.
You constrict the hound. The hound bites you but does no damage.
The hound bites you. The scorpion misses you.
You hit the scorpion. Your grab misses the scorpion. You squeeze the scorpion.
The scorpion is moderately wounded.
You constrict the hound. The hound barely misses you.
The scorpion closely misses you. The hound bites you. The scorpion stings you!
* * * LOW HITPOINT WARNING * * *
You are lethally poisoned!
The scorpion poisons you!
It was a potion of lignification.
You turn into a tree.
Your roots penetrate the ground.
You lose your grip on the hound.
* * * LOW HITPOINT WARNING * * *
You feel sick. The hound bites you but does no damage.
The scorpion stings you but does no damage.
You hit the hound.
The hound is almost dead.
* * * LOW HITPOINT WARNING * * *
You feel sick. The hound barely misses you.
The hound bites you but does no damage.
The scorpion stings you but does no damage.
You closely miss the hound.
The hound is almost dead.
* * * LOW HITPOINT WARNING * * *
You feel sick. The hound bites you but does no damage. The scorpion stings you.
You die...

#.##....#*#...##* *,*
........##......* *,*
#.............#** **,**
##..........#** **,,,*
..#........## *######****,,,,,
8.#........# *#......**,,,,,,*
8.#.......## *.......,,,,,,,,*
..#........######..!#*********,,*
###..........##h♣..#* **,*
#............s..## *,*
##...#######.....# *,* ##c...#
####### **,* ......#
##########**,,* o.....##
##.........,,,,* .......##
##..........,,,** #.......#
#.....######**** ....##..##
#...###


You could see a scorpion and a hound.

Vanquished Creatures
  An adder (D:5)
  An ufetubus (D:5)
  A jackal (D:5)
3 creatures vanquished.

Notes
Turn   | Place    | Note
-------+----------+-------------------------------------------
     0 | D:5      | Esekla the Octopode Delver began the quest for the Orb.
     0 | D:5      | Reached XP level 1. HP: 16/16 MP: 1/1
    39 | D:5      | Found an iron altar of Okawaru.
    56 | D:5      | Found a white marble altar of Elyvilon.
    88 | D:5      | Noticed a phantom
    88 | D:5      | Noticed a centaur
    90 | D:5      | Reached XP level 2. HP: 21/21 MP: 2/2
    90 | D:5      | Found a hide-covered altar of Uskayaw.
   103 | D:5      | Noticed a scorpion
   104 | D:5      | Found a glowing silver altar of Zin.
   107 | D:5      | Noticed an ice beast
   118 | D:5      | Noticed a two-headed ogre
   124 | D:5      | Reached skill level 7 in Stealth
   153 | D:5      | Slain by a scorpion

Illustrated notes

Levels and vault maps discovered:
D:5:      minmay_chambers_of_fours, layout_layer_cave,
          nicolae_overflow_quartered_altars, serial_shops, nicolae_shop_crystal

Skill      XL: |  1  2 |
---------------+-------+-----
Stealth        | 7 |  7.0
Fighting       | |  3.1
Long Blades    | |  2.1
Dodging        | |  2.1
Spellcasting   | |  0.3

Action                     || total
---------------------------++-------
  Melee: Falchion          ||     8
         Constrict         ||     2
         Tentacles         ||     2
  Evoke: Wand              ||     3
    Use: Scroll            ||     2
         Potion            ||     2
   Stab: Sleeping          ||     1
 Armour: Skin              ||     7
  Dodge: Dodged            ||     7

Table legend: (Time is in decaauts)
 A = Elapsed time spent in this place.
 B = Non-inter-level travel time spent in this place.
 C = Inter-level travel time spent in this place.
 D = Time resting spent in this place.
 E = Time spent auto-exploring this place.
 F = Levels seen in this place.
 G = Mean time per level.
                   A        B        C        D        E       F      G
               +--------+--------+--------+--------+--------+-----+--------+
         Total |    137 |    137 |      0 |      0 |      0 |   1 |  137.0 |
       Dungeon |    137 |    137 |      0 |      0 |      0 |   1 |  137.0 |
               +--------+--------+--------+--------+--------+-----+--------+

Top non-repeatable levels by time:
     D:5: 137 daAuts
